 Dungeon Crawl Stone Soup version 0.28.0-62-gf88900778d (webtiles) character file.

Game seed: 17744894711002297769

32 cbfl8 the Covered (level 3, 0/33 HPs)
             Began as a Minotaur Fighter on Mar 10, 2024.
             Slain by Natasha (2 damage)
             ... on level 1 of the Dungeon.
             The game lasted 00:00:25 (1118 turns).

cbfl8 the Covered (Minotaur Fighter)                Turns: 1118, Time: 00:00:26

Health: 0/33       AC:  7    Str: 20    XL:     3   Next: 8%
Magic:  2/2        EV:  9    Int:  5    God:
Gold:   9          SH:  4    Dex: 11    Spells: 2/2 levels left

rFire   . . .      SeeInvis .   a - +0 war axe
rCold   . . .      Faith    .   c - +0 buckler
rNeg    . . .      Spirit   .   b - +0 scale mail
rPois   .          Reflect  .   (helmet restricted)
rElec   .          Harm     .   (no cloak)
rCorr   .          Rampage  .   (no gloves)
Will    .....                   (no boots)
Stlth   ..........              (no amulet)
HPRegen 0.11/turn               (no ring)
MPRegen 0.08/turn               (no ring)

@: mighty, slowed, very slow
A: horns 2, retaliatory headbutt
a: no special abilities


You were on level 1 of the Dungeon.
You visited 1 branch of the dungeon, and saw 2 of its levels.

You collected 9 gold pieces.

Inventory:

Hand Weapons
 a - a +0 war axe (weapon)
Armour
 b - a +0 scale mail (worn)
 c - a +0 buckler (worn)
Scrolls
 e - a scroll of enchant armour {unknown}
 f - a scroll of identify {unknown}


   Skills:
 + Level 4.0 Fighting
 + Level 2.6 Axes
 + Level 4.1 Armour
 + Level 4.0 Shields
 * Level 0.8 Evocations


You had 2 spell levels left.
You didn't know any spells.
Your spell library contained the following spells:

 Spells                   Type           Power      Damage    Failure   Level
 Sting                    Tmut/Pois      0%         1d3       89%         1
 Poisonous Vapours        Pois/Air       0%         N/A       96%         2
 Olgreb's Toxic Radiance  Pois           0%         N/A       100%        4


Dungeon Overview and Level Annotations

Branches:
Dungeon (2/15)

Altars:

Annotations:
D:1 Natasha


Innate Abilities, Weirdness & Mutations

You have a pair of horns on your head.
You reflexively headbutt those who attack you in melee.


Message History

Natasha stares at you and mumbles some strange words.
You feel yourself slow down. The endoplasm freezes you.
You are frozen.
The adder bites you.
You are too injured to fight recklessly!
Unknown command.
You are too injured to fight recklessly!
Unknown command.
You are too injured to fight recklessly!
Unknown command.
You closely miss Natasha. Your headbutt misses Natasha.
Natasha is almost dead.
You hit the endoplasm. You closely miss the adder.
Natasha drinks a potion.
Natasha is healed!
The adder closely misses you. You furiously retaliate!
You headbutt the adder!
You kill the adder!
The endoplasm freezes you.
You are frozen.
Natasha claws you!
* * * LOW HITPOINT WARNING * * *
The endoplasm hits you but does no damage.
Your Shields skill increases to level 4!
You have reached level 3!
Your experience leads to an increase in your attributes!
Increase (S)trength, (I)ntelligence, or (D)exterity?
You feel agile. x2
Natasha claws you.
* * * LOW HITPOINT WARNING * * *
There is a stone staircase leading up here.
Natasha claws you but does no damage.
The endoplasm jiggles.
You block the endoplasm's attack. The endoplasm freezes you.
You are frozen.
* * * LOW HITPOINT WARNING * * *
Natasha closely misses you.
You climb upwards.
There is a stone staircase leading down here.
You feel very mighty all of a sudden. Natasha claws you.
You die...

#...............
##################
#..........#......
#.########.#.##### #.#
######.#.# #.# #......#.#
#.# #.######.#
#h###.#......#####
#@J...............
#.###.#.##########
#.................
#####.#.########## #.#.#
##############.#.#
#............#.#.#
#.#########.##.#.##########
#.#.......#.##.#(.........#


You could see Natasha and an endoplasm.

Vanquished Creatures
  A gnoll (D:1)
  An adder (D:2)
  A dart slug (D:2)
  An endoplasm (D:1)
  A giant cockroach (D:1)
  2 hobgoblins
  A kobold (D:1)
  A quokka (D:1)
  2 ball pythons (D:1)
  A rat (D:1)
12 creatures vanquished.

Notes
Turn   | Place    | Note
-------+----------+-------------------------------------------
     0 | D:1      | cbfl8 the Minotaur Fighter began the quest for the Orb.
     0 | D:1      | Reached XP level 1. HP: 19/19 MP: 0/0
   246 | D:1      | Reached XP level 2. HP: 19/27 MP: 1/1
  1106 | D:2      | Noticed Natasha
  1115 | D:2      | Reached XP level 3. HP: 5/33 MP: 2/2
  1116 | D:2      | HP: 1/33 [frozen (1)]
  1118 | D:1      | Slain by Natasha

Illustrated notes

Levels and vault maps discovered:
D:1:      dpeg_arrival_tiny_d, layout_basic
D:2:      minmay_recursive_quarters, layout_rooms, minmay_misc_feat_ornament,
          minmay_pentomino_t2, uniq_robin, uniq_terence, uniq_natasha

Skill      XL: |  1  2 |
---------------+-------+-----
Armour         | 4 |  4.1
Fighting       | 4 |  4.0
Shields        | 4 |  4.0
Axes           | |  2.6
Evocations     | |  0.8

Action                   || total
-------------------------++-------
Melee: War axe           ||    23
       Headbutt          ||     2
  Use: Potion            ||     1
Armor: Scale mail        ||    14
Dodge: Dodged            ||    14
Block: Buckler           ||     9
